 Dungeon Crawl Stone Soup version 0.28-a0-724-g66f9036eb4 (webtiles) character file.

Game seed: 17296667461312854310

58 pokeman the Magician (level 3, -3/20 HPs)
             Began as a Deep Elf Hedge Wizard on Oct 26, 2021.
             Slain by Grinder (8 damage)
             ... while paralysed by Grinder
             ... on level 3 of the Dungeon.
             The game lasted 00:03:27 (2350 turns).

pokeman the Magician (Deep Elf Hedge Wizard)        Turns: 2350, Time: 00:03:27

Health: -3/20      AC:  3    Str:  7    XL:     3   Next: 75%
Magic:  7/11       EV:  2    Int: 19    God:
Gold:   97         SH:  0    Dex: 20    Spells: 0/12 levels left

rFire   . . .      SeeInvis .   a - +0 dagger
rCold   . . .      Faith    .   (no shield)
rNeg    . . .      Spirit   .   b - +0 robe
rPois   .          Reflect  .   c - +0 hat
rElec   .          Harm     .   (no cloak)
rCorr   .          Rampage  .   h - +0 pair of gloves
Will    .....                   (no boots)
Stlth   ++........              (no amulet)
HPRegen 0.06/turn               g - +6 ring of dexterity
MPRegen 0.12/turn               (no ring)

@: paralysed
A: no striking features
a: no special abilities


You were on level 3 of the Dungeon.
You visited 1 branch of the dungeon, and saw 3 of its levels.

You collected 97 gold pieces.

Inventory:

Hand Weapons
 a - a +0 dagger (weapon)
Missiles
 e - 75 arrows
Armour
 b - a +0 robe (worn)
 c - a +0 hat (worn)
 f - a +0 kite shield
 h - a +0 pair of gloves (worn)
Jewellery
 g - a +6 ring of dexterity (left hand)
Wands
 l - a wand of digging (6)
Scrolls
 d - 2 scrolls of amnesia {unknown}
 j - a scroll of silence {unknown}
 k - 3 scrolls of teleportation {unknown}
Potions
 i - 2 potions of flight {unknown}


   Skills:
 - Level 1.0 Fighting
 - Level 1.0 Armour
 + Level 2.4 Dodging
 - Level 2.4 Stealth
 + Level 0.1 Shields
 * Level 5.3 Spellcasting
 + Level 2.0 Conjurations
 - Level 1.1 Summonings
 - Level 1.1 Translocations


You couldn't memorise any spells.
You knew the following spells:

 Your Spells              Type           Power      Damage    Failure   Level
a - Magic Dart            Conj           52%        1d5       4%          1
b - Mephitic Cloud        Conj/Pois/Air  7%         N/A       26%         3
c - Call Imp              Summ           9%         N/A       12%         2
d - Blink                 Tloc           18%        N/A       12%         2
e - Conjure Flame         Conj/Fire      9%         6-21      24%         3
f - Foxfire               Conj/Fire      36%        2x1d5     8%          1

Your spell library contained the following spells:

 Spells                   Type           Power      Damage    Failure   Level
 Slow                     Hex            5%         N/A       19%         2
 Inner Flame              Hex/Fire       5%         N/A       36%         3
 Flame Wave               Conj/Fire      9%         3d4       61%         4


Dungeon Overview and Level Annotations

Branches:
Dungeon (3/15)

Altars:
Ru

Annotations:
D:3 Grinder


Message History

There is an open door here.
You start resting.
Grinder is nearby!
Casting: Foxfire (safe; 8% risk of failure)
Confirm with . or Enter, or press ? or * to list all spells.
You conjure some foxfire!
Casting: Foxfire (safe; 8% risk of failure)
Confirm with . or Enter, or press ? or * to list all spells.
You conjure some foxfire!
The foxfire hits Grinder but does no damage.
Grinder says, "At least Makhleb appreciates what I'm doing."
Unknown command.
Casting: Foxfire (safe; 8% risk of failure)
Confirm with . or Enter, or press ? or * to list all spells.
You conjure some foxfire!
The foxfire hits Grinder.
Grinder is lightly wounded.
The foxfire hits Grinder.
Grinder is lightly wounded.
Unknown command.
Casting: Foxfire (safe; 8% risk of failure)
Confirm with . or Enter, or press ? or * to list all spells.
You conjure some foxfire!
Your foxfire dissipates!
The foxfire hits Grinder.
Grinder is moderately wounded.
The foxfire hits Grinder.
Grinder is moderately wounded.
Grinder hits you!
You writhe in agony.
* * * LOW HITPOINT WARNING * * *
Unknown command.
Unknown command.
The foxfire hits Grinder.
Grinder is moderately wounded.
The foxfire hits Grinder.
Grinder is moderately wounded.
Grinder gestures at you.
You suddenly lose the ability to move!
Grinder grins, showing sharp teeth.
Grinder hits you!
You die...

..(...................
.............#....##.##
............^#....# ..#
...........).#....# .#
...........###....#
...........# #....#
...........# #....#
.####...#'## #####
#####@## #...5.#
#.....# #.....####
#..)).'..# #.....##.#
#.....##.#
####.....##.# #####
#.........#.# #.w.#


You could see Grinder.

Vanquished Creatures
  4 dart slugs
  7 bats
  5 endoplasms
  4 goblins
  4 hobgoblins (D:1)
  2 quokkas (D:2)
  6 ball pythons
  4 frilled lizards
  4 kobolds
  7 rats
47 creatures vanquished.

Vanquished Creatures (collateral kills)
  2 ball pythons (D:3)
2 creatures vanquished.

Vanquished Creatures (others)
  40 foxfires
40 creatures vanquished.

Grand Total: 89 creatures vanquished

Notes
Turn   | Place    | Note
-------+----------+-------------------------------------------
     0 | D:1      | pokeman the Deep Elf Hedge Wizard began the quest for the
                  | Orb.
     0 | D:1      | Reached XP level 1. HP: 10/10 MP: 7/7
   209 | D:1      | Reached XP level 2. HP: 15/15 MP: 5/9
   864 | D:1      | Found a faded altar of an unknown god.
   881 | D:1      | Reached skill level 5 in Spellcasting
  1355 | D:2      | Reached XP level 3. HP: 20/20 MP: 9/11
  1359 | D:2      | Learned a level 3 spell: Mephitic Cloud
  1362 | D:2      | Learned a level 2 spell: Call Imp
  1365 | D:2      | Learned a level 2 spell: Blink
  1369 | D:2      | Learned a level 3 spell: Conjure Flame
  1462 | D:2      | Learned a level 1 spell: Foxfire
  1466 | D:2      | Found a sacrificial altar of Ru.
  1615 | D:2      | Reached skill level 1 in Armour
  2089 | D:2      | Reached skill level 1 in Fighting
  2287 | D:3      | Noticed Grinder
  2288 | D:3      | Paralysed by Grinder for 3 turns
  2348 | D:3      | Paralysed by Grinder for 6 turns
  2350 | D:3      | Slain by Grinder

Illustrated notes

Levels and vault maps discovered:
D:1:      evilmike_arrival_plus, layout_basic,
          hellmonk_ecumenical_altar_leap_of_faith
D:2:      layout_loops_ring, basic_altar, minmay_small_reverse_x
D:3:      layout_basic, marbit_many_paths, chei_slow_surprise, uniq_grinder,
          uniq_sigmund

Skill      XL: |  1  2  3 |
---------------+----------+-----
Spellcasting   | 5 |  5.3
Armour         | 1 |  1.0
Conjurations   | 2 |  2.0
Fighting       | 1 |  1.0
Dodging        | |  2.4
Stealth        | |  2.4
Shields        | |  0.1
Summonings     | |  1.1
Translocations | |  1.1

Action                   || total
-------------------------++-------
Melee: Dagger            ||     6
 Cast: Magic Dart        ||    70
       Foxfire           ||    25
       Call Imp          ||     1
 Stab: Sleeping          ||     1
Armor: Robe              ||     4
Dodge: Dodged            ||    10

Table legend: (Time is in decaauts)
 A = Elapsed time spent in this place.
 B = Non-inter-level travel time spent in this place.
 C = Inter-level travel time spent in this place.
 D = Time resting spent in this place.
 E = Time spent auto-exploring this place.
 F = Levels seen in this place.
 G = Mean time per level.
                   A        B        C        D        E       F      G
               +--------+--------+--------+--------+--------+-----+--------+
         Total |   2348 |   2255 |     93 |      8 |   1944 |   3 |  782.7 |
       Dungeon |   2348 |   2255 |     93 |      8 |   1944 |   3 |  782.7 |
               +--------+--------+--------+--------+--------+-----+--------+

Top non-repeatable levels by time:
     D:1: 1282 daAuts
     D:2: 896 daAuts
     D:3: 169 daAuts
